 Dungeon Crawl Stone Soup version 0.30-a0-591-g3c58d2bc28 (webtiles) character file.

Game seed: 11860641286913509651

359 OTABOTABOTAB the Covered (level 6, -3/39 HPs)
             Began as a Gargoyle Fighter on Jan 4, 2023.
             Was an Initiate of the Shining One.
             Killed by divine providence
             ... invoked by an orc priest
              (16 damage)
             ... on level 4 of the Dungeon.
             The game lasted 00:03:35 (3064 turns).

OTABOTABOTAB the Covered (Gargoyle Fighter)         Turns: 3064, Time: 00:03:36

Health: -3/39      AC: 15    Str: 22    XL:     6   Next: 65%
Magic:  7/7        EV:  7    Int:  8    God:    the Shining One [......]
Gold:   154        SH:  4    Dex:  9    Spells: 5/5 levels left

rFire   . . .      SeeInvis .    a - +0 flail
rCold   . . .      Faith    .    c - +0 buckler
rNeg    + . .      Spirit   .    n - +0 chain mail
rPois   ∞          Reflect  .    (no helmet)
rElec   +          Harm     .    (no cloak)
rCorr   .          Rampage  .    g - +0 pair of gloves
Will    .....                    (no boots) Stlth
                                 (no amulet)
HPRegen 0.26/turn                (no ring)
MPRegen 0.10/turn                (no ring)

@: glowing
A: sickness immunity, AC +4, negative energy resistance 1, electricity
resistance, torment resistance 1, petrification resistance
a: Renounce Religion


You were on level 4 of the Dungeon.
You worshipped the Shining One.
The Shining One was noncommittal.
You visited 1 branch of the dungeon, and saw 4 of its levels.

You collected 154 gold pieces.

Inventory:

Hand Weapons
 a - a +0 flail (weapon)
Missiles
 r - 6 poisoned darts
Armour
 c - a +0 buckler (worn)
 g - a +0 pair of gloves (worn)
   (You found it on level 1 of the Dungeon)
 n - a +0 chain mail (worn)
   (You found it on level 2 of the Dungeon)
Wands
 p - a wand of paralysis (1)
   (You took it off Ijyb on level 3 of the Dungeon)
 q - a wand of flame (12)
   (You found it on level 4 of the Dungeon)
Scrolls
 b - a scroll of blinking {unknown}
 h - a scroll of enchant weapon {unknown}
 i - 3 scrolls of poison {unknown}
 k - 4 scrolls of identify {unknown}
 l - 8 scrolls of teleportation {unknown}
 o - a scroll of immolation {unknown}
Potions
 d - a potion of haste {unknown}
 e - 2 potions of brilliance {unknown}
 f - 2 potions of attraction {unknown}
 j - a potion of lignification {unknown}
 m - a potion of curing {unknown}
 s - a potion of magic {unknown}
 M - 3 potions of might


   Skills:
 + Level 4.4 Fighting
 * Level 4.4 Maces & Flails
 + Level 4.5 Armour
 + Level 4.4 Shields
 + Level 1.6 Invocations


You had 5 spell levels left.
You didn't know any spells.
Your spell library contained the following spells:

 Spells                   Type           Power      Damage    Failure   Level
 Summon Small Mammal      Summ           0%         N/A       99%         1
 Wereblood                Tmut           0%         N/A       100%        2
 Call Canine Familiar     Summ           0%         N/A       100%        3
 Summon Guardian Golem    Hex/Summ       0%         N/A       100%        3
 Summon Hydra             Summ           0%         N/A       100%        7
 Sublimation of Blood     Necr           Unusable   N/A       N/A         2

Dungeon Overview and Level Annotations

Branches:
Dungeon (4/15)
 Temple: D:4-7

Altars:
Cheibriados
Dithmenos
Gozag
Okawaru
Ru
Trog
Uskayaw
Vehumet
Yredelemnul
Zin
The Shining One

Shops:
D:3 =


Innate Abilities, Weirdness & Mutations

You are immune to sickness and miasma.
Your stone body is resilient. (AC +4)
You are immune to poison.
You resist negative energy. (rN+)
You are resistant to electric shocks. (rElec)
You are resistant to unholy torment.
You are immune to petrification.


Message History

A giant cockroach is nearby!
You hit the giant cockroach.
You kill the giant cockroach!
No target in view!
You now have 154 gold pieces (gained 10).
Found a hide-covered altar of Uskayaw.
No target in view!
Found a stone staircase leading up.
No target in view!
A ball python comes into view.
The ball python hisses angrily.
A ball python is nearby!
A ball python is nearby!
You closely miss the ball python. The ball python barely misses you.
The ball python grabs you. The ball python constricts you.
You take 1 damage, and have 38/39 hp.
You sock the ball python!
You kill the ball python!
No target in view!
No target in view!
A gnoll bouda comes into view. It is wielding a +0 whip.
The gnoll bouda shouts!
You hear a shout!
The gnoll bouda barks out a call to the hunt!
You hear a shout!
Health restored: 39 You hear a shout!
A gnoll comes into view. It is wielding a +0 spear.
The gnoll bouda gazes fiercely through you!
You feel your attacks grow feeble.
The gnoll moves out of view.
You hear a shout!
The gnoll shouts!
An orc comes into view. It is wielding a +0 trident.
The gnoll bouda barks out a call to the hunt!
You hear a shout! x2
Your attacks no longer feel as feeble.
The gnoll hits you but does no damage. You block the gnoll bouda's attack.
You hit the gnoll bouda. The gnoll hits you but does no damage.
You block the gnoll bouda's attack.
You closely miss the gnoll bouda.
The gnoll hits you from afar with a +0 spear.
You block the gnoll bouda's attack. The gnoll bouda barely misses you.
The gnoll hits you but does no damage.
You take 2 damage, and have 37/39 hp.
You hit the gnoll bouda but do no damage.
The gnoll hits you but does no damage.
The gnoll bouda hits you with a +0 whip.
You take 3 damage, and have 34/39 hp.
You thump the gnoll bouda!
You hear a shout!
The gnoll is no longer moving quickly.
The gnoll barely misses you. The gnoll bouda completely misses you.
A gnoll comes into view. It is wielding a +0 halberd.
You hear a shout! x2
You barely miss the gnoll bouda.
You hear a shout! x2
The gnoll is no longer moving quickly.
The gnoll barely misses you.
The gnoll bouda gazes fiercely through you!
You feel your attacks grow feeble.
The gnoll bouda hits you but does no damage.
You barely miss the gnoll bouda. The gnoll hits you but does no damage.
The gnoll bouda barely misses you.
The gnoll bouda hits you but does no damage.
You block the gnoll's attack.
You hit the gnoll bouda. You block the gnoll's attack.
The gnoll bouda hits you with a +0 whip.
You take 4 damage, and have 31/39 hp.
You hit the gnoll bouda.
You kill the gnoll bouda!
The Shining One accepts your kill. The gnoll barely misses you.
Unknown command.
An orc comes into view. It is wielding a +0 short sword.
The orc shouts!
You hear a shout!
An orc comes into view. It is wielding a +0 dagger.
The gnoll barely misses you.
The gnoll hits you from afar with a +0 halberd.
A gnoll comes into view. It is wielding a +0 whip.
The orc moves out of view.
Items here: $ ) [ †.
You take 1 damage, and have 30/39 hp.
An orc priest comes into view. It is wielding a +0 flail.
The orc priest shouts!
The gnoll hits you but does no damage.
A gnoll comes into view. It is wielding a +0 club.
The gnoll hits you from afar with a +0 halberd.
The gnoll shouts!
You sock the gnoll! The gnoll closely misses you.
The gnoll hits you from afar with a +0 halberd.
You take 3 damage, and have 27/39 hp.
You barely miss the gnoll.
Your attacks no longer feel as feeble.
A hobgoblin comes into view.
The orc priest invokes the aid of Beogh against you.
Beogh smites you! The gnoll hits you but does no damage.
The gnoll barely misses you.
The orc priest invokes the aid of Beogh against you.
Beogh smites you!
You die...

#.# #.#.# #.#
#.#.# #.#
#.#.# #.#
#.#.# #####.#
##########.#.#
......#
#..........#.#
####### #
#.......#
#.####.#######
#...g@......#
#####o#####.#
#.g.# #.⌠.#
#go.# ##g##


g.o ##### .o. ....# .o. You could see an orc priest, 4 gnolls, 3 orcs and a
hobgoblin.

Vanquished Creatures
  Sigmund (D:4)
  A hound (D:3)
  A gnoll bouda (D:4)
  Ijyb (D:3)
  An iguana (D:4)
  2 adders
  2 worms
  A dart slug (D:4)
  6 orcs (D:4)
  4 endoplasms
  3 giant cockroaches
  7 goblins
  4 hobgoblins
  A quokka (D:4)
  10 ball pythons
  5 bats
  A frilled lizard (D:1)
  5 kobolds
  5 rats
61 creatures vanquished.

Notes
Turn   | Place    | Note
-------+----------+-------------------------------------------
     0 | D:1      | OTABOTABOTAB the Gargoyle Fighter began the quest for the
                  | Orb.
     0 | D:1      | Reached XP level 1. HP: 14/14 MP: 1/1
   178 | D:1      | Reached XP level 2. HP: 15/19 MP: 2/2
   638 | D:1      | Reached XP level 3. HP: 23/23 MP: 3/3
  1614 | D:3      | Reached skill level 3 in Maces & Flails
  1614 | D:3      | Reached XP level 4. HP: 19/29 MP: 4/4
  1703 | D:3      | Found Bowargh's Jewellery Shoppe.
  1704 | D:3      | Noticed Ijyb
  1713 | D:3      | Paralysed by Ijyb for 4 turns
  1720 | D:3      | Paralysed by Ijyb for 3 turns
  1726 | D:3      | Killed Ijyb
  1882 | D:3      | Reached skill level 4 in Armour
  1999 | D:3      | Reached skill level 4 in Fighting
  2052 | D:3      | Found a glowing golden altar of the Shining One.
  2054 | D:3      | Found a basalt altar of Yredelemnul.
  2055 | D:3      | Found a radiant altar of Vehumet.
  2062 | D:3      | Found a glowing silver altar of Zin.
  2063 | D:3      | Became a worshipper of the Shining One
  2068 | D:3      | Found a shadowy altar of Dithmenos.
  2070 | D:3      | Found a sacrificial altar of Ru.
  2071 | D:3      | Found an opulent altar of Gozag.
  2073 | D:3      | Found an iron altar of Okawaru.
  2077 | D:3      | Found a snail-covered altar of Cheibriados.
  2078 | D:3      | Found a bloodstained altar of Trog.
  2335 | D:4      | Reached XP level 5. HP: 28/33 MP: 5/5
  2348 | D:4      | Reached skill level 4 in Shields
  2361 | D:4      | HP: 7/33 [orc/+0 trident (2)]
  2371 | D:4      | HP: 8/33 [kobold/+0 club (2)]
  2703 | D:4      | Noticed Sigmund
  2746 | D:4      | Killed Sigmund
  2747 | D:4      | Reached skill level 4 in Maces & Flails
  2747 | D:4      | Reached skill level 1 in Invocations
  2747 | D:4      | Reached XP level 6. HP: 34/39 MP: 5/7
  3012 | D:4      | Found a hide-covered altar of Uskayaw.
  3064 | D:4      | Killed from afar by an orc priest

Illustrated notes

Levels and vault maps discovered:
D:1:      evilmike_arrival_hilbert_curve, layout_loops_ring
D:2:      layout_loops_ring, grunt_decor_cap
D:3:      layout_basic, nicolae_overflow_hallway_of_the_gods, serial_shops,
          shop, uniq_ijyb
D:4:      kennysheep_big_flooded_room, layout_loops_ring,
          eat_drink_and_be_merry_uskayaw, minmay_temple_entry_nine_rooms,
          uniq_sigmund, uniq_blork_the_orc

Skill      XL: |  1  2  3  4  5 |
---------------+----------------+-----
Maces & Flails | 3 4 |  4.4
Armour         | 4 |  4.5
Fighting       | 4 |  4.4
Shields        | 4 |  4.4
Invocations    | 1 |  1.6

Action                   |  1- 3 |  4- 6 || total
-------------------------+-------+-------++-------
Melee: Flail             |   131 |   132 ||   263
Throw: Stone             |    20 |    23 ||    43
Armor: Scale mail        |    57 |       ||    57
       Chain mail        |    17 |    79 ||    96
Dodge: Dodged            |    73 |    57 ||   130
Block: Buckler           |    20 |    20 ||    40

Table legend: (Time is in decaauts)
 A = Elapsed time spent in this place.
 B = Non-inter-level travel time spent in this place.
 C = Inter-level travel time spent in this place.
 D = Time resting spent in this place.
 E = Time spent auto-exploring this place.
 F = Levels seen in this place.
 G = Mean time per level.
                   A        B        C        D        E       F      G
               +--------+--------+--------+--------+--------+-----+--------+
         Total |   3146 |   3082 |     64 |     95 |   2354 |   4 |  786.5 |
       Dungeon |   3146 |   3082 |     64 |     95 |   2354 |   4 |  786.5 |
               +--------+--------+--------+--------+--------+-----+--------+

Top non-repeatable levels by time:
     D:1: 885 daAuts
     D:4: 849 daAuts
     D:3: 765 daAuts
     D:2: 646 daAuts

Table legend:
 A = Kills in this place as a percentage of kills in entire the game.
 B = Kills by you in this place as a percentage of kills by you in the entire game.
 C = Kills by friends in this place as a percentage of kills by friends in the entire game.
 D = Other kills in this place as a percentage of other kills in the entire game.
 E = Experience gained in this place as a percentage of experience gained in the entire game.
 F = Experience gained in this place divided by the number of levels of this place that you have seen.
                   A       B       C       D       E      F
               +-------+-------+-------+-------+-------+----------------------
         Total | 100.0 | 100.0 |   N/A |   N/A | 100.0 | 128.5
       Dungeon | 100.0 | 100.0 |   N/A |   N/A | 100.0 | 128.5
               +-------+-------+-------+-------+-------+----------------------
